 Dungeon Crawl Stone Soup version 0.27-a0-1321-gd358eaa319 (webtiles) character file.

Game seed: 15197461140496074411

56 Nattfarinn the Grave Robber (level 3, 0/26 HPs)
             Began as a Demonspawn Necromancer on June 22, 2021.
             Slain by a kobold (4 damage)
             ... on level 3 of the Dungeon.
             The game lasted 00:06:32 (2743 turns).

Nattfarinn the Grave Robber (DsNe)                  Turns: 2743, Time: 00:06:32

Health: 0/26       AC:  2    Str:  8    XL:     3   Next: 69%
Magic:  0/6        EV: 12    Int: 17    God:
Gold:   41         SH:  3    Dex: 13    Spells: 1/6 levels left

rFire    . . .     SeeInvis .   (no weapon)
rCold    . . .     Faith    .   c - +0 buckler
rNeg     . . .     Spirit   .   a - +0 robe
rPois    .         Reflect  .   (no helmet)
rElec    .         Harm     .   (no cloak)
rCorr    .         Rampage  .   (no gloves)
Will     .....                  (no boots)
Stlth    ++........             (no amulet)
HPRegen  0.08/turn              (no ring)
MPRegen  0.20/turn              (no ring)

@: no status effects
A: magic regeneration, demonic magic 1
a: no special abilities


You were on level 3 of the Dungeon.
You visited 1 branch of the dungeon, and saw 3 of its levels.

You collected 41 gold pieces.

Inventory:

Missiles
 b - 8 atropa-tipped darts (quivered)
Armour
 a - a +0 robe (worn)
 c - a +0 buckler (worn)
Scrolls
 h - 2 scrolls of noise


   Skills:
 + Level 1.4 Fighting
 * Level 2.9 Dodging
 - Level 1.7 Stealth
 - Level 2.0 Spellcasting
 + Level 4.8 Necromancy


You had one spell level left.
You knew the following spells:

 Your Spells              Type           Power      Damage    Failure   Level
a - Pain                  Necr           72%        1d7       4%          1
b - Animate Skeleton      Necr           36%        N/A       4%          1
c - Vampiric Draining     Necr           9%         2d7       13%         3

Your spell library contained the following spells:

 Spells                   Type           Power      Damage    Failure   Level
 Animate Dead             Necr           9%         N/A       41%         4
 Agony                    Necr           18%        N/A       77%         5


Dungeon Overview and Level Annotations

Branches:
Dungeon (2/15)

Altars:
Trog

Annotations:
D:3 Ijyb


Innate Abilities, Weirdness & Mutations

You regenerate magic rapidly.
Spells you cast may paralyse adjacent enemies.


Message History

You aren't carrying any items that you can evoke.
Unknown command.
Ijyb zaps a wand.
The mass of ice explodes!
The iceblast engulfs you!
Ouch! That really hurt!
* * * LOW HITPOINT WARNING * * *
You hear a shout!
Unknown command.
Okay, then.
You aren't carrying any potions.
This spell is quite dangerous to cast!
Memorise Vampiric Draining, consuming 3 spell levels and leaving 1?
You start memorising the spell.
You continue memorising. x2
Ijyb misses you.
You continue memorising.
Ijyb closely misses you.
You finish memorising.
Spell assigned to 'c'.
Casting: Pain (safe; 4% risk of failure)
Confirm with . or Enter, or press ? or * to list all spells.
The spell is quite dangerous to cast (13% risk of failure)!
Continue anyway?
Aiming: Vampiric Draining (quite dangerous; 13% risk of failure)
Press: ? - help, Shift-Dir - straight line, f/p - Ijyb
Aim: Ijyb, wielding a +0 dagger, wearing a +0 leather armour and carrying a wand of iceblast (2) (moderately wounded)
You draw life force from Ijyb!
You feel life coursing into your body. Malevolent energies surge around you.
Ijyb hits you with a +0 dagger.
* * * LOW HITPOINT WARNING * * *
Casting: Vampiric Draining (quite dangerous; 13% risk of failure)
Confirm with . or Enter, or press ? or * to list all spells.
You don't have enough magic to cast this spell.
Casting: Vampiric Draining (quite dangerous; 13% risk of failure)
Confirm with . or Enter, or press ? or * to list all spells.
Aiming: Pain (safe; 4% risk of failure)
Press: ? - help, Shift-Dir - straight line, f/p - Ijyb
Aim: Ijyb, wielding a +0 dagger, wearing a +0 leather armour and carrying a wand of iceblast (2) (severely wounded, chance to affect: 84%) Ijyb writhes in agony.
Malevolent energies surge around you. The kobold misses you.
You block Ijyb's attack.
You hit Ijyb but do no damage.
Ijyb is almost dead.
The kobold hits you from afar with a +0 trident.
You die...

... . ##. .. ..
#.. #.##... ###
..... .....#
##..# #. ##w..#
#. #JK#.# ...
#g#..# #.#
####@#.## #.
#####...)#.. .
#.....####.#. #
#######.#####
...# #..........#
.. #
#..........## .#
#..............
###..........####
≈§§≈≈.≈§≈≈≈..#


You could see Ijyb, a worm, an endoplasm and a kobold.

Vanquished Creatures
  An adder (D:3)
  3 bats (D:1)
  7 endoplasms
  A giant cockroach (D:1)
  4 goblins
  3 hobgoblins (D:1)
  4 jackals (D:3)
  4 kobolds (D:1)
  3 quokkas (D:1)
  3 ball pythons
  A frilled lizard (D:1)
  6 rats (D:1)
40 creatures vanquished.

Vanquished Creatures (collateral kills)
  A giant cockroach (D:3)
1 creature vanquished.

Grand Total: 41 creatures vanquished

Notes
Turn   | Place    | Note
-------+----------+-------------------------------------------
     0 | D:1      | Nattfarinn the Demonspawn Necromancer began the quest for
                  | the Orb.
     0 | D:1      | Reached XP level 1. HP: 13/13 MP: 3/3
   489 | D:1      | Gained mutation: Spells you cast may paralyse adjacent
                  | enemies. [demonic ancestry]
   489 | D:1      | Reached XP level 2. HP: 12/20 MP: 3/5
   890 | D:1      | Reached skill level 1 in Fighting
  1451 | D:1      | Gained mutation: You regenerate magic rapidly. [demonic
                  | ancestry]
  1451 | D:1      | Reached XP level 3. HP: 24/26 MP: 3/6
  1738 | D:1      | Found a faded altar of an unknown god.
  2080 | D:2      | Learned a level 1 spell: Animate Skeleton
  2211 | D:2      | You fall into a shaft and drop 1 floor!
  2211 | D:3      | Noticed Ijyb
  2220 | D:3      | Found a bloodstained altar of Trog.
  2741 | D:3      | Learned a level 3 spell: Vampiric Draining
  2743 | D:3      | Slain by a kobold

Illustrated notes

Levels and vault maps discovered:
D:1:      wander_arrival_fairy_ring, layout_basic, basic_ecumenical_altar,
          minmay_misc_feat_hallway, st_stairs_2
D:2:      layout_loops_ring
D:3:      layout_rooms, lightli_temple_of_fire, nicolae_overflow_crystal_walls,
          uniq_natasha, uniq_crazy_yiuf_cottage, uniq_ijyb

Skill      XL: |  1  2 |
---------------+-------+-----
Dodging        | 2 |  2.9
Fighting       | 1 |  1.4
Stealth        | |  1.7
Spellcasting   | |  2.0
Necromancy     | |  4.8

Action                   || total
-------------------------++-------
Melee: Unarmed           ||    61
Throw: Dart              ||     8
 Cast: Pain              ||    76
       Animate Skeleton  ||     3
       Vampiric Draining ||     1
  Use: Scroll            ||     4
       Potion            ||     1
 Stab: Distracted        ||     1
       Invisible         ||     1
       Sleeping          ||     1
       Paralysed         ||    12
Armor: Robe              ||    22
Dodge: Dodged            ||    56
Block: Buckler           ||    17

Table legend: (Time is in decaauts)
 A = Elapsed time spent in this place.
 B = Non-inter-level travel time spent in this place.
 C = Inter-level travel time spent in this place.
 D = Time resting spent in this place.
 E = Time spent auto-exploring this place.
 F = Levels seen in this place.
 G = Mean time per level.
                   A        B        C        D        E       F      G
               +--------+--------+--------+--------+--------+-----+--------+
         Total |   2747 |   2740 |      7 |   1401 |    994 |   3 |  915.7 |
       Dungeon |   2747 |   2740 |      7 |   1401 |    994 |   3 |  915.7 |
               +--------+--------+--------+--------+--------+-----+--------+

Top non-repeatable levels by time:
     D:1: 2069 daAuts
     D:3: 532 daAuts
     D:2: 145 daAuts
